 Dungeon Crawl Stone Soup version 0.31-a0-692-gf03d1854d5 (webtiles) character file.

Game seed: 13875549309487739720

18 qw the Shooter (level 2, 0/17 HPs)
             Began as a Gargoyle Hunter on Sept 6, 2023.
             Slain by a cerulean imp
             ... wielding a +2 spear
             ... summoned by Natasha
              (3 damage)
             ... on level 2 of the Dungeon.
             The game lasted 00:00:15 (830 turns).

qw the Shooter (Gargoyle Hunter)                     Turns: 830, Time: 00:00:15

Health: 0/17       AC:  5    Str: 12 (14) XL:     2   Next: 66%
Magic:  2/2        EV: 11    Int:  6 (9)  God:
Gold:   25         SH:  0    Dex: 12 (13) Spells: 1/1 levels left

rFire   . . .        a - +0 shortbow
rCold   . . .        (shield currently unavailable)
rNeg    + . .        c - +0 leather armour
rPois   inf          (no helmet)
rElec   +            (no cloak)
rCorr   .            (no gloves)
SInv    .            (no boots)
Will    .....        (no amulet)
Stlth   +            (no ring)
HPRegen 0.22/turn    (no ring)
MPRegen 0.08/turn

%: no passive effects
@: no status effects
A: sickness immunity, AC +2, negative energy resistance 1, electricity
resistance, torment resistance 1, petrification resistance
a: no special abilities


You were on level 2 of the Dungeon.
You visited 1 branch of the dungeon, and saw 2 of its levels.

You collected 25 gold pieces.


Innate Abilities, Weirdness & Mutations

You are immune to sickness and miasma.
Your stone body is resilient. (AC +2)
You are immune to poison.
You resist negative energy. (rN+)
You are resistant to electric shocks. (rElec)
You are resistant to unholy torment.
You are immune to petrification.


   Skills:
 - Level 2.1 Fighting
 + Level 4.7 Ranged Weapons
 - Level 1.5 Dodging
 - Level 1.1 Stealth


You had one spell level left.
You didn't know any spells.
Your spell library was empty.

Inventory:

Hand Weapons
 a - a +0 shortbow (weapon)
Armour
 c - a +0 leather armour (worn)
Scrolls
 b - a scroll of blinking {unknown}
Potions
 e - a potion of magic {unknown}
 f - a potion of enlightenment {unknown}

Dungeon Overview and Level Annotations

Branches:
Dungeon (2/15)

Altars:

Shops:
D:1 (

Annotations:
D:2 Natasha


Message History

822 |||
Found retreat position at -1,0 (floor) with 0 blocking monsters and 2 monsters attacking at destination at distance 1
822 ||| Stepping ~*~*~tactically~*~*~ (retreating).
Natasha casts a spell at you. The magic dart hits you.
You shoot an arrow. The arrow closely misses Natasha.
The arrow completely misses the goblin.
Natasha casts a spell.
The quokka barely misses you.
You shoot an arrow. The arrow barely misses the quokka.
The arrow barely misses the goblin.
The arrow hits the cerulean imp.
The cerulean imp is moderately wounded.
The quokka bites you.
Natasha casts a spell.
825 |||
Found retreat position at -1,0 (floor) with 0 blocking monsters and 2 monsters attacking at destination at distance 1
825 ||| Stepping ~*~*~tactically~*~*~ (retreating).
A bat comes into view.
Found 14 gold pieces.
The bat moves out of view.
You shoot an arrow. The arrow closely misses the quokka.
The arrow barely misses Natasha.
The arrow hits the goblin.
You kill the goblin!
The quokka barely misses you.
The quokka bites you but does no damage.
You shoot an arrow. The arrow hits the quokka.
The quokka is severely wounded.
The quokka bites you.
You shoot an arrow. The arrow hits the quokka.
The quokka is almost dead.
The quokka barely misses you. The bat barely misses you.
The quokka closely misses you. The bat hits you but does no damage.
829 |||
Found retreat position at -1,0 (bat; floor) with 0 blocking monsters and 2 monsters attacking at destination at distance 1 You shoot an arrow.
The arrow hits the quokka.
You kill the quokka!
The bat hits you but does no damage. x2
830 |||
Found retreat position at -1,0 (bat; floor) with 0 blocking monsters and 2 monsters attacking at destination at distance 1 You shoot an arrow.
The arrow hits Natasha.
Natasha is severely wounded.
The bat closely misses you.
The cerulean imp hits you from afar with a +2 spear.
You die...

#). ####.# #..#
##..).# ...#
#..#### #.. #.## .
#.#####.# ..#
#.......# #...#
##......#
$.#..b#####......#
#......@h55..%...#
###..#####5......#
# ##...)..#
##.#.####......##
.................
......!####..%#..#
....... ###....#
..."... ##..#
....... ..


You could see Natasha, 3 cerulean imps and a bat.

Vanquished Creatures
  A worm (D:2)
  2 goblins (D:2)
  5 hobgoblins
  A quokka (D:2)
  2 ball pythons (D:1)
  A frilled lizard (D:2)
  A rat (D:1)
13 creatures vanquished.

Notes
Turn   | Place    | Note
-------+----------+-------------------------------------------
     0 | D:1      | qw the Gargoyle Hunter began the quest for the Orb.
     0 | D:1      | Reached XP level 1. HP: 12/12 MP: 1/1
     0 | D:1      | 0 ||| qw: Version: 0.3-a-76-g4403597
     0 | D:1      | 0 ||| qw: Game counter: 60
     0 | D:1      | 0 ||| qw: Melee chars always use a shield: true
     0 | D:1      | 0 ||| qw: God list: Okawaru
     0 | D:1      | 0 ||| qw: Allow faded altars: false
     0 | D:1      | 0 ||| qw: Do Orc after clearing Dungeon:15 true
     0 | D:1      | 0 ||| qw: Do second Lair branch before Depths: true
     0 | D:1      | 0 ||| qw: Lair rune preference: random
     0 | D:1      | 0 ||| qw: Goals: Normal
     0 | D:1      | 0 ||| PLANNING D:1-11
   240 | D:1      | Found Pempucov's Antique Weapon Shoppe.
   659 | D:1      | Reached XP level 2. HP: 17/17 MP: 2/2
   732 | D:1      | 732 ||| DRINKING 2 brown potions.
   733 | D:1      | 733 ||| DROPPING scroll of butterflies.
   734 | D:1      | 734 ||| DROPPING potion of degeneration.
   810 | D:2      | Noticed Natasha
   813 | D:2      | 813 ||| RETREATING.
   817 | D:2      | 817 ||| Stepping ~*~*~tactically~*~*~ (retreating).
   820 | D:2      | 820 ||| Stepping ~*~*~tactically~*~*~ (retreating).
   821 | D:2      | 821 ||| Stepping ~*~*~tactically~*~*~ (retreating).
   822 | D:2      | 822 ||| Stepping ~*~*~tactically~*~*~ (retreating).
   822 | D:2      | HP: 4/17 [Natasha/magic dart (4)]
   825 | D:2      | 825 ||| Stepping ~*~*~tactically~*~*~ (retreating).
   827 | D:2      | HP: 2/17 [quokka (1)]
   830 | D:2      | Slain by a cerulean imp

Levels and vault maps discovered:
D:1:      psy_arrival_basics, layout_basic, serial_shops,
          nicolae_shop_tiny_statue_garden, minmay_misc_feat_plants
D:2:      layout_rooms, dreamdust_ecumenical_altar_grove, serial_undead,
          serial_undead_b, serial_undead_e, serial_undead_e, serial_undead_e,
          uniq_natasha

Action                     || total
---------------------------++-------
   Fire: Shortbow          ||    53
    Use: Potion            ||     1
 Armour: Leather armour    ||    27
  Dodge: Dodged            ||    19

Table legend:
 A = Non-vault XP
 B = Vault XP
 C = Vault XP percentage of total XP
 D = Non-vault monster count
 E = Vault monster count
 F = Vault count percentage of total count
                 A         B        C        D         E       F
            +---------+---------+-------+---------+---------+-------
      Total |      26 |       0 |   0.0 |      13 |       0 |   0.0
            +---------+---------+-------+---------+---------+-------
        D:1 |      10 |       0 |   0.0 |       6 |       0 |   0.0
        D:2 |      16 |       0 |   0.0 |       7 |       0 |   0.0
            +---------+---------+-------+---------+---------+-------
